Cogmind - Beta 17 @@@ ROGUE MODE // 2026.08.03 @ 22:01:46 Player: knowler Result: Destroyed by as-37836 with Assembled Gauss Rifle Performance ------------- Evolutions (0) 0 Regions Visited (2) 400 Robots Destroyed (2) 10 Value Destroyed (20) 20 Prototype IDs (1) 20 Alien Tech Used (0) 0 Bonus (5100) 5100 TOTAL SCORE: 5550 Bonus ------- Prayed to X0-1V1 5000 Major X0-1V1 Interference 100 Cogmind --------- Core Integrity 0/250 Matter 261/300 Energy 100/100 System Corruption 8% Temperature Cool (0) Movement Core (100) Ox1 Location -10/Mines Parts ------- > --- POWER (1) -------- (None) > --- PROPULSION (2) --- (None) > --- UTILITY (2) ------ Small Storage Unit > --- WEAPON (2) ------- (None) > --- INVENTORY (8) ---- Ion Engine Heat Sink Huge Storage Unit Targeting Computer Medium Laser Light Assault Rifle Peak State ------------ > --- POWER ------------ Ion Engine > --- PROPULSION ------- Light Treads Light Treads > --- UTILITY ---------- Small Storage Unit X0-1V1's Piety Tracker > --- WEAPON ----------- Assault Rifle Light Assault Rifle > --- INVENTORY -------- Ion Engine Heat Sink Huge Storage Unit Medium Laser [Rating: 19] Favorites ----------- Power Ion Engine Engine Ion Engine Propulsion Light Treads Treads Light Treads Utility Small Storage Unit Device X0-1V1's Piety Tracker Storage Small Storage Unit Weapon Assault Rifle Ballistic Gun Assault Rifle Build | -11 -10 -10 ------- Run | Yrd Mat Min Slots Evolved . | . . . Power . | . . . Propulsion . | . . . Utility . | . . . Weapon . | . . . Parts Attached 9 | 6 3 . Power 1 | 1 . . Engine 1 | 1 . . Core . | . . . Reactor . | . . . Propulsion 2 | 2 . . Treads 2 | 2 . . Leg . | . . . Wheel . | . . . Hover . | . . . Flight . | . . . Utility 4 | 1 3 . Device 2 | . 2 . Storage 2 | 1 1 . Processor . | . . . Hackware . | . . . Protection . | . . . Artifact . | . . . Weapon 2 | 2 . . Energy Gun . | . . . Energy Cannon . | . . . Ballistic Gun 2 | 2 . . Ballistic Cannon . | . . . Launcher . | . . . Special Weapon . | . . . Impact Weapon . | . . . Slashing Weapon . | . . . Piercing Weapon . | . . . Special Melee Weapon . | . . . Unidentified Prototypes 1 | . 1 . Parts Lost 5 | . . 5 Power 1 | . . 1 Propulsion 1 | . . 1 Utility 1 | . . 1 Weapon 2 | . . 2 Highest Loss Streak 5 | . . 5 To Critical Strikes . | . . . Average Backups 3 | 1 3 6 Power 1 | 1 1 1 Propulsion . | . . . Utility 1 | . 1 3 Weapon 1 | . 1 2 Tool/Special . | . . . Unused Backups 4 | . . 4 Power 1 | . . 1 Propulsion . | . . . Utility 1 | . . 1 Weapon 2 | . . 2 Tool/Special . | . . . Average Slot Usage (%) 86 | . 95 51 Engine 11 | . 14 3 Treads 25 | . 28 16 Device 8 | . 10 5 Storage 14 | . 14 14 Ballistic Gun 24 | . 28 11 Peak Build Rating 19 | 6 19 19 Average Rating 9 | 4 10 7 On Entrance 8 | . 6 19 Avg Prop Armor Cover (%) . | . . . Naked Turns . | . . . Heaviest Build 14 | 13 14 14 Greatest Support 40 | 40 40 40 Greatest Overweight (x) 3 | 3 . 1 Average Overweight (x) . | . . . Largest Inventory Capacity 25 | 8 25 8 Average Capacity 7 | 7 8 8 Most Carried 6 | 3 6 6 Average Carried 3 | 1 3 6 Final Capacity 8 | 8 8 8 Final Carried 6 | 2 6 6 Class Distribution -------------------- 100% | Mutant Dominant Class ---------------- Mutant | -10/Materials Mutant | -10/Mines Resources | -11 -10 -10 ----------- Run | Yrd Mat Min Matter Collected 275 | 244 31 . Remotely . | . . . Salvage Created 31 | . 31 . Parts 2 | . 2 . Haulers Intercepted . | . . . Recyclers Shooed . | . . . Parts Field Recycled . | . . . Retrieved Matter . | . . . Parts Self-Destructed . | . . . Prevented . | . . . Parts Restored . | . . . Kills | -11 -10 -10 ------- Run | Yrd Mat Min Combat Hostiles Destroyed 2 | . 2 . Guns 2 | . 2 . Classes Destroyed 1 | . 1 . Swarmer 2 | . 2 . Best Kill Streak 2 | . 2 . Combat Bots Only 2 | . 2 . Max Kills in Single Turn 1 | . 1 . Gunslinging . | . . . Exploded . | . . . Melee . | . . . Uniques/NPCs Destroyed . | . . . Combat | -11 -10 -10 -------- Run | Yrd Mat Min Hostile Shots Fired 74 | . 22 52 Missed 21 | . 6 15 Hits 53 | . 16 37 Melee 15 | . . 15 Projectile 38 | . 16 22 Critical Strikes 1 | . . 1 Damage Taken 796 | . 121 675 Core 267 | . 40 227 Absorbed by Shields . | . . . Ignored by Resistances 21 | . . 21 Core Remaining (%) 100 | 100 . . Volleys Fired 13 | . 9 4 Largest 2 | . 2 2 Hottest 40 | . 40 40 Shots Fired 25 | . 18 7 Gun 25 | . 18 7 Cannon . | . . . Launcher . | . . . Special . | . . . Kinetic 25 | . 18 7 Thermal . | . . . Explosive . | . . . Electromagnetic . | . . . Robot Hit Streak 4 | . 4 4 Robot Miss Streak 3 | . 2 3 Penetration Max . | . . . Secondary Targets 1 | . 1 . Max Gunslinging Chain 1 | . 1 . Shots Hit Robots 15 | . 11 4 Core Hits 2 | . 2 . Critical Kills . | . . . Critical Parts Destroyed . | . . . Critical Strikes . | . . . Melee Attacks . | . . . Impact . | . . . Slashing . | . . . Piercing . | . . . Sneak Attacks . | . . . Combat Hostiles . | . . . Follow-up Attacks . | . . . Damage Inflicted 151 | . 115 36 Guns 151 | . 115 36 Cannons . | . . . Explosions . | . . . Melee . | . . . Ramming . | . . . Kinetic 151 | . 115 36 Thermal . | . . . Explosive . | . . . Electromagnetic . | . . . Impact . | . . . Slashing . | . . . Piercing . | . . . Highest Corruption 8 | . . 8 Average Corruption 6 | . . 6 Corruption Purged . | . . . Corruption Blocked . | . . . Effects 1 | . . 1 Energy Discharges 1 | . . 1 Overload Shots . | . . . Overflow Damage . | . . . Projectiles . | . . . Explosions . | . . . Melee . | . . . Knockbacks . | . . . Impact . | . . . Kinetic . | . . . Secondary . | . . . Self-Inflicted Damage . | . . . Shots . | . . . Rammed . | . . . Targets Rammed . | . . . Kicked . | . . . Crushed . | . . . Highest Temperature . | . . . Average Temperature . | . . . Received Heat Transfer 129 | . . 129 Siege Activations . | . . . Martial Activations . | . . . Shielding Activations . | . . . Robots Disrupted . | . . . Combat Hostiles . | . . . Robots Corrupted . | . . . Combat Hostiles . | . . . Parts Fried . | . . . Impact Corruptions . | . . . Robots Melted . | . . . Combat Hostiles . | . . . Parts Melted . | . . . Heat Transferred . | . . . Parts Sabotaged . | . . . Parts Stolen . | . . . Parts Stripped . | . . . Power Chain Reactions . | . . . Alert | -11 -10 -10 ------- Run | Yrd Mat Min Maximum Alert Level . | . . . Low Security (%) 100 | 100 100 100 Level 1 . | . . . Level 2 . | . . . Level 3 . | . . . Level 4 . | . . . Level 5 . | . . . High Security . | . . . Max Security . | . . . Peak Influence 45 | . 45 1 Initial 1 | . . 1 Average 4 | . 6 . Influence Increases 59 | . 59 . Destroy 0b10 Robot/C 40 | . 40 . Successful Hack 4 | . 4 . Lose Combat Pursuer 15 | . 15 . Influence Decreases 59 | . 54 5 Entered New Map 4 | . . 4 Time Decay 55 | . 54 1 Squads Dispatched . | . . . Investigation . | . . . Extermination . | . . . Reinforcement . | . . . Assault . | . . . Garrison . | . . . Intercept . | . . . Searches Triggered . | . . . Construction Impeded . | . . . Haulers Reinforced . | . . . Active Scanning Responses . | . . . Cargo Convoy Interrupts . | . . . Stealth | -11 -10 -10 --------- Run | Yrd Mat Min Distress Signals . | . . . Communications Jammed . | . . . Distress Signals . | . . . Times Spotted 27 | . 7 20 Peak Tracking Total 20 | . 5 20 Tactical Retreats 3 | . 1 2 Traps | -11 -10 -10 ------- Run | Yrd Mat Min Traps Triggered . | . . . Indirectly . | . . . Trap Hack Attempts . | . . . Triggered . | . . . Disarmed . | . . . Reprogrammed . | . . . Reused . | . . . Traps Extracted . | . . . Installed . | . . . Triggered . | . . . Machines | -11 -10 -10 ---------- Run | Yrd Mat Min Machines Disabled . | . . . Max in Single Turn . | . . . Machines Repaired . | . . . Machines Dismantled . | . . . Machines Sabotaged . | . . . Overloaded Fab Kills . | . . . Hacking | -11 -10 -10 --------- Run | Yrd Mat Min Machines Accessed 2 | . 2 . Terminals 1 | . 1 . Fabricators . | . . . Repair Stations . | . . . Recycling Units 1 | . 1 . Scanalyzers . | . . . Garrison Access . | . . . Total Hacks 6 | . 6 . Successful 4 | . 4 . Failed 2 | . 2 . Catastrophic . | . . . Database Lockouts . | . . . Manual 2 | . 2 . Terminals 2 | . 2 . Fabricators . | . . . Repair Stations . | . . . Recycling Units 4 | . 4 . Scanalyzers . | . . . Garrison Access . | . . . Terminal Hacks 2 | . 2 . Emergency Access Points 1 | . 1 . Alert Level 1 | . 1 . Fabricator Hacks . | . . . Repair Station Hacks . | . . . Recycling Unit Hacks 2 | . 2 . Report Inventory 1 | . 1 . Retrieve Components 1 | . 1 . Scanalyzer . | . . . Garrison Access Hacks . | . . . Unauthorized Hacks . | . . . Terminals . | . . . Fabricators . | . . . Repair Stations . | . . . Recycling Units . | . . . Scanalyzers . | . . . Garrison Access . | . . . Data Cores Recovered . | . . . Used . | . . . Hacking Detections . | . . . Full Trace Events . | . . . Feedback Events . | . . . Feedback Blocked . | . . . Robot Schematics Acquired . | . . . Robots Built . | . . . Authchips . | . . . Time . | . . . Total Robot Build Rating . | . . . Part Schematics Acquired . | . . . Parts Built . | . . . Authchips . | . . . Time . | . . . Total Part Build Rating . | . . . Part Studies Acquired . | . . . Parts Repaired . | . . . Time . | . . . Parts Recycled . | . . . Recycled Matter . | . . . Retrieved Matter . | . . . Retrieved Components 1 | . 1 . Parts Scanalyzed . | . . . Part Schematics Acquired . | . . . Parts Damaged . | . . . Bothacking | -11 -10 -10 ------------ Run | Yrd Mat Min Used RIF Installer . | . . . Robots Hacked . | . . . Non-combat . | . . . Combat . | . . . Robot Hacks Applied . | . . . Relay Couplers Released . | . . . Fabnet Peak Effective % . | . . . Robots Rewired . | . . . Allies Hacked . | . . . Hacks Repelled . | . . . Allies | -11 -10 -10 -------- Run | Yrd Mat Min Total Allies . | . . . Largest Group . | . . . Highest-Rated Group . | . . . Highest-Rated Ally . | . . . Total Orders . | . . . Ally Attacks . | . . . Total Damage . | . . . Kills . | . . . Allies Corrupted . | . . . Allies Melted . | . . . X0-1V1 Amusement Gains 110 | . 18 92 Good Acts 3 | . 1 2 Bad Acts 1 | . . 1 Intel | -11 -10 -10 ------- Run | Yrd Mat Min Active Infowar (turns) 152 | . 152 . Terrain 152 | . 152 . Robot Analysis Total . | . . . Derelict Logs Recovered . | . . . Drone Launches . | . . . Drone Recoveries . | . . . Exploration | -11 -10 -10 ------------- Run | Yrd Mat Min Turns Passed 560 | 80 380 100 Spaces Moved 335 | 49 216 70 Core 58 | 20 . 38 Treads 277 | 29 216 32 Legs . | . . . Wheels . | . . . Hover . | . . . Flight . | . . . Fastest Speed 50 | 50 160 100 Average Speed 149 | 136 160 127 Slowest Speed 200 | 200 160 160 Overloaded Moves . | . . . Propulsion Burnouts . | . . . Robots Hopped . | . . . Potential Cave-ins . | . . . Cave-ins Triggered . | . . . Exploration Rate (%) 16 | 3 27 20 Regions Visited 2 Branch Regions 1 Pre-discovered Areas . | . . . Known Exits Taken . | . . . Unknown Exits Taken 2 | 1 1 . Scrap Searched . | . . . Spaces Dug . | . . . Terrain Destroyed . | . . . Melee . | . . . Projectile . | . . . AOE . | . . . Terrain Rammed . | . . . Walls Destroyed . | . . . Machines Disabled . | . . . Actions | -11 -10 -10 --------- Run | Yrd Mat Min Total 371 | 62 235 74 Wait . | . . . Move 333 | 48 215 70 Hop . | . . . Pick Up 14 | 8 6 . Fast Attach . | . . . Attach 9 | 6 3 . Detach 1 | . 1 . Swap . | . . . Drop 1 | . 1 . Fire 13 | . 9 4 Melee . | . . . Ram . | . . . Kick . | . . . Crush . | . . . Escape Stasis . | . . . Rewire . | . . . Trap . | . . . Miscellaneous . | . . . Route ------- -11/Scrapyard -10/Materials (discovered 2 exits: [*Min] / [*Sub]) -10/Mines History --------- Turn | Location | Event 50 | -11/Scrapyard | Discovered new exit (range 12) 81 | -11/Scrapyard | Entered Materials 98 | -10/Materials | Discovered new exit (range 12) 318 | -10/Materials | Build established: Mutant 326 | -10/Materials | Discovered new exit (range 6) 333 | -10/Materials | Prayed at D.C.S.S. Altar Unit 461 | -10/Materials | Entered Mines 462 | -10/Mines | Assembled infested the area 497 | -10/Mines | X0-1V1 downgraded hostiles (x1) 500 | -10/Mines | Core integrity fell below 50% 550 | -10/Mines | Lost 5 parts (1p1n1u2w) 550 | -10/Mines | Core integrity fell below 20% 559 | -10/Mines | Received a Rocket Launcher from a helpful Derelict 559 | -10/Mines | X0-1V1 upgraded hostiles (x2) 561 | -10/Mines | Destroyed by as-37836 with Assembled Gauss Rifle Last Messages --------------- Knocked back. System corrupted: Energy discharge (-35). A derelict emerges from the shadows. OS-KI5(g): "Some of my friends down here think you need a mining laser when you travel the depths." OS-KI5(g): "You know what I say? NO!" as-74936 destroyed. OS-KI5(g): "Everyone knows a good old rocket launcher goes a long way." OS-KI5(g): "Need to get rid of a swarm? Done. Need a big hole in the wall? Done." OS-KI5(g): "Need a small hole in the wall? Leave that to the mining laser wimps, I say!" OS-KI5(g): "Would you like a rocket launcher? I know I would if I were you, so I'm going to lend you mine." OS-KI5(g) slips back into the shadows. X0-1V1 tips the scales in a new dimension. as-37836 reshaped into more powerful Assembled. as-82364 reshaped into more powerful Assembled. Penetrated by Slug. X0-1V1 cackles wildly! Map ----- +----------------------------------------------------+ | ?????????????????????????????????? | | ?????????????????????????????????? | | ?????????????????????????????????? | | ?????????????????????????????????? | | ?????????????????????????????????? | | ?????????????????????????????????? | | ?????????????????????????????????? | | ?????????????????????????????????? | | ?????????????????????????????????? | | ?????????????????????????????????? | | ?????????????????????????????????? | | ?????????????????????????????????? | | ?????????????????????????????????? | | ?????????????????????????????????? | | ?????????????????????????????????? | | ???????????????????????????##????? | | ???????????? ?????????????? ##???? | | ?????????? ????????????? ##??? | | ?????????? " #???????????? ##?? | | ??????????? #??????????? #?? | | ??????????? ??????????? #?? | | ???????????? #?????????? #?? | | ???????????? ##??????## ] #??? | | ????????????# ##????## #???? | | ????????????# #???## #????? | | ?????####???# ???## @ #?????? | | ????## ##??? ???# a ##????? | | ????# ##??? #???# a ##???? | | ????# #???# ##### a ##??? | | ????# #???# ##?? | | #??## ##??# ####a #?? | | #### #### #?## a #?? | | =%= ### % #?? | | ##### % ## ## #?? | | #???############### #?? | | #?????????????????# #?? | | ??????????????????# ## ##?? | | ###################a### ##??? | | #?# #???? | | #####################?# #???? | | ??????????????????????? #??? | | ??????????????????????? #??? | | ???????????????????????# #??? | | ????????????????????????# ##??? | | ?????????????????????????#####???? | | ?????????????????????????????????? | | ?????????????????????????????????? | | ?????????????????????????????????? | | ?????????????????????????????????? | | ?????????????????????????????????? | +----------------------------------------------------+ Best States ------------- Heat Dissipation 60 Energy Generation 10 Energy Capacity 250 Matter Stores 284 Matter Capacity 300 Sight Range 16 Terrain Scan Range 14 Terrain Scan Density 10 Resistance: TH 23 Evasion (%) 50 Recoil Reduction 2 Item Schematics ----------------- None Robot Schematics ------------------ None Fabricated ------------ Nothing Repaired ---------- Nothing Studied --------- None Alien Tech Used ----------------- None Achievements -------------- Chaos Is Inevitable Challenges ------------ None Game ------ Seed ThiefFieldShielding Manual? 0 Play Time 00:06:34 Cumulative 4.9 hours Start 2026.08.03 @ 21:56:31 End 2026.08.03 @ 22:01:46 Sessions 1 Manual Loads 0 Difficulty Rogue Special Mode None Game No. 14 Rogue 14 Adventurer 0 Explorer 0 Win Type - Total 0 Types 0/0/0/0/0/0/0/0/0/0 Lore% 9 Gallery% 16 Achievement% 12 Wizard Run 0 Options --------- Layout 1 ASCII 0 Keyboard 0 Movement Numpad Keybinds 0 Fullscreen 1 Font 32/SmallcapsGlow Map View 77x35 Zoom Use 0% Tactical HUD 0 Map Filters NONE Filters NONE Steam 1 RUN: 9f5e5b43-3ec6-4162-9148-6d045d05bc14